 Dungeon Crawl Stone Soup version 0.23.0 (console) character file.

Game seed: 10588165474720413108

64766 vogonpoet the Unseen (level 14, 0/73 HPs)
             Began as a Spriggan Enchanter on Feb 13, 2019.
             Was the Champion of Ashenzari.
             Slain by a gargoyle
             ... wielding a +0 morningstar
              (7 damage)
             ... while petrified by you
             ... in a Gauntlet on Feb 14, 2019.
             The game lasted 01:31:29 (21044 turns).

vogonpoet the Unseen (Spriggan Enchanter)          Turns: 21044, Time: 01:31:31

Health: 0/73       AC:  6    Str:  4    XL:     14   Next: 73%
Magic:  31/42      EV:  4    Int: 20    God:    Ashenzari [******]
Gold:   966        SH:  0    Dex: 18    Spells: 16/41 levels left

rFire    . . .     SeeInvis +   g - +4 dagger (elec) (curse)
rCold    + . .     Gourm    .   B - +0 buckler (curse)
rNeg     + + +     Faith    .   H - +0 robe (curse)
rPois    ∞         Spirit   .   J - +2 hat (curse)
rElec    .         Reflect  .   K - +1 cloak {rC+} (curse)
rCorr    .         Harm     .   (gloves unavailable)
MR       ++...     Clarity  +   (boots unavailable) Stlth ++++++++..NoTele +
                                L - amulet of regeneration (curse)
HPRegen  0.62/turn              M - +3 ring of slaying (curse)
MPRegen  0.28/turn              P - ring of magical power

@: petrified, held, very quick
A: very small, unfitting armour, see invisible, herbivore, speed 3, slow
metabolism 2
a: Curse Item, Scrying, Transfer Knowledge, Renounce Religion


You were in a Gauntlet.
You worshipped Ashenzari.
Ashenzari was exalted by your worship.
You were not hungry.

You visited 5 branches of the dungeon, and saw 23 of its levels.
You also visited: Ossuary, Bailey, Gauntlet and Ice Cave.

You collected 1266 gold pieces.
You spent 300 gold pieces at shops.

Inventory:

Hand Weapons
 g - a cursed +4 dagger of electrocution (weapon)
 W - a +5 dagger of draining
 Z - a +0 blowgun
Missiles
 a - 7 curare-tipped needles
 n - 84 poisoned needles
 r - 12 tomahawks (quivered)
 S - 2 throwing nets
 X - 72 tomahawks of returning
Armour
 B - a cursed +0 buckler (worn)
 H - a cursed +0 robe (worn)
 J - a cursed +2 hat (worn)
 K - a cursed +1 cloak of cold resistance (worn)
 N - a +0 troll leather armour
Jewellery
 m - an uncursed amulet of guardian spirit
 t - the ring of Wegistrem {rF+ rN+ Dex+4}
   (You found it in an ice cave)

   [ring of positive energy]

   It affects your dexterity (+4).
   It protects you from fire.
   It protects you from negative energy.
 L - a cursed amulet of regeneration (around neck)
 M - a cursed +3 ring of slaying (left hand)
 P - a ring of magical power (right hand)
 Q - an uncursed ring of ice
Wands
 c - a wand of polymorph (8)
 p - a wand of paralysis (24)
 u - a wand of flame (53)
 y - a wand of acid (22)
 F - a wand of enslavement (20)
 G - a wand of disintegration (18)
 I - a wand of digging (15)
 T - a wand of iceblast (12)
Scrolls
 b - 3 scrolls of blinking
 e - 5 scrolls of remove curse
 h - 8 scrolls of teleportation
 q - 3 scrolls of enchant armour
Potions
 f - a potion of experience {unknown}
 i - 6 potions of magic
 k - 4 potions of flight
 l - 19 potions of curing
 o - 7 potions of haste
 v - 8 potions of heal wounds
 w - 5 potions of brilliance
 x - 5 potions of lignification
 z - 7 potions of might
 C - 3 potions of agility
 D - 2 potions of ambrosia
 U - a potion of cancellation
Miscellaneous
 R - a lamp of fire
Comestibles
 d - 38 rations


   Skills:
 * Level 8.1 Fighting
 - Level 8.3(12.7) Short Blades
 - Level 3.1 Armour
 + Level 13.1(17.2) Dodging
 - Level 18.2(21.9) Stealth
 - Level 5.3(8.3) Shields
 - Level 14.4 Spellcasting
 - Level 8.6(11.6) Hexes
 - Level 5.0(8.0) Summonings
 - Level 2.0(4.2) Translocations
 - Level 2.9(5.4) Ice Magic
 - Level 2.5(5.0) Evocations


You had 16 spell levels left.
You knew the following spells:

 Your Spells              Type           Power        Failure   Level  Hunger
a - Corona                Hex            ######.      1%          1    None
b - Ensorcelled Hibernat  Hex/Ice        #####.       1%          2    None
c - Confuse               Hex            ######..     1%          3    None
d - Tukima's Dance        Hex            ######..     1%          3    None
e - Dazzling Spray        Conj/Hex       #####.       1%          3    None
f - Summon Butterflies    Summ           #####...     1%          1    None
h - Summon Ice Beast      Ice/Summ       #####...     2%          4    None
k - Blink                 Tloc           N/A          1%          2    None
p - Apportation           Tloc           ####..       1%          1    None
v - Summon Mana Viper     Hex/Summ       ######..     2%          5    ###....

Your spell library contained the following spells:

 Spells                   Type           Power        Failure   Level  Hunger
 Confusing Touch          Hex            ######       1%          1    None
 Summon Small Mammal      Summ           ####         1%          1    None
 Call Imp                 Summ           #####...     1%          2    None
 Slow                     Hex            ######..     1%          2    None
 Call Canine Familiar     Summ           #####...     1%          3    None
 Summon Guardian Golem    Hex/Summ       ######..     1%          3    None
 Cause Fear               Hex            ######....   1%          4    None
 Animate Skeleton         Necr           N/A          3%          1    None
 Magic Dart               Conj           ###.         3%          1    None
 Leda's Liquefaction      Hex/Erth       #####.....   3%          4    None
 Corpse Rot               Necr           N/A          5%          2    None
 Summon Lightning Spire   Summ/Air       ####....     8%          4    None
 Summon Forest            Summ/Tloc      #####.....   10%         5    ###....
 Conjure Flame            Conj/Fire      ###.....     11%         3    None
 Mephitic Cloud           Conj/Pois/Air  ###.....     11%         3    None
 Stone Arrow              Conj/Erth      ###...       11%         3    None
 Silence                  Hex/Air        #####.....   11%         5    ###....
 Yara's Violent Unravell  Hex/Tmut       #####.....   11%         5    ###....
 Summon Hydra             Summ           #####.....   80%         7    ######.
 Discord                  Hex            ######....   94%         8    #######
 Deflect Missiles         Chrm/Air       ###.......   99%         6    #####..
 Hydra Form               Tmut           ###.......   99%         6    #####..


Dungeon Overview and Level Annotations

Branches:
Dungeon (14/15)            Temple (0/1) D:5            Lair (6/6) D:11
 Shoals (1/4) Lair:3       Spider (1/4) Lair:3        Slime (1/5) Lair:5
    Orc (0/2) D:9          Vaults (0/5) D:13

Altars:
Ashenzari
Cheibriados
Dithmenos
Gozag
Hepliaklqana
Kikubaaqudgha
Makhleb
Nemelex Xobeh
Trog
Vehumet
The Shining One

Shops:
D:9 =   D:12 :   D:13 *

Annotations:
D:5 2 transporters
Lair:6 3 runed translucent doors, exclusion: oklob plant, Wostir's ghost, journeyman TeMo Gauntlet 9 transporters, 15 runed translucent doors, exclusion: orange crystal statue


Innate Abilities, Weirdness & Mutations

You are very small and have problems with some larger weapons.
You are too small for most types of armour.
You have supernaturally acute eyesight. (SInv)
You are a herbivore.
You cover ground extremely quickly.
You need to consume almost no food.


Message History

The catoblepas closely misses you.
The gargoyle hurls a stone arrow at you.
The stone arrow misses you.
The stone arrow hits the catoblepas!!
The catoblepas misses you.
The gargoyle hurls a stone arrow at you.
The stone arrow misses your mana viper. The stone arrow hits you!
You have turned to stone.
You are engulfed in calcifying dust.
The catoblepas is no longer blind.
The gargoyle hits you with a +0 morningstar.
Your mana viper bites the gargoyle!
The catoblepas gores you.
The gargoyle hits your mana viper with a +0 morningstar.
Your mana viper bites the gargoyle!
The catoblepas gores you!!
* * * LOW HITPOINT WARNING * * *
The gargoyle hurls a stone arrow at you.
The stone arrow hits you!!
* * * LOW HITPOINT WARNING * * *
The gargoyle completely misses your mana viper.
Your mana viper bites the gargoyle but does no damage.
The gargoyle hits you with a +0 morningstar!
You die...

########################
.......≈∩≈............≈#
,......................§###
*#######...###########..#8#
....^.#...#.........#..###
,.^##5#.∩.#.##.§^##.#....#
,#.#.#3#...#..##.##..#....###
*#.##.5#...#...#9#../###..#8#
*.©.#.5#©.©#..9S@#..©#©#..###
##.##.5#...#...#Y#...#.#..#
.#.#.#.#...#..##.##.(#.#..###
#^..##.#...#.##^.^##.#.#..#8#
.......#...#.........#.#..#######
########...###########.#........#
.........≈...........#.#........#
####....≈8≈....#######.#######...
..©#.....≈.....#©...........©#...


You could see a catoblepas, 2 gargoyles and a friendly mana viper.

Vanquished Creatures
  Rupert (D:13)
  Gastronok (D:8)
  A dire elephant (Lair:6)
  Nessos (Lair:4)
  Josephine (D:11)
  A yaktaur captain (D:13)
  A merfolk avatar (Lair:6)
  5 hydras
  2 centaur warriors (D:13)
  6 death yaks
  Erica (Lair:1)
  A queen ant (Lair:2)
  5 two-headed ogres
  A tengu warrior (D:13)
  Sonja (Lair:2)
  A lindwurm (Lair:5)
  2 unseen horrors
  Pikel (D:6)
  An orb spider (Spider:1)
  2 cyclopes
  2 centaur zombies
  5 elephants
  A black mamba (Lair:6)
  2 merfolk sirens
  13 spiny frogs
  A gargoyle (D:11)
  5 komodo dragons
  2 yaktaurs (D:13)
  6 rime drakes
  A kobold demonologist (D:11)
  4 trolls
  4 polar bears (Lair:6)
  7 ice devils (IceCv)
  3 merfolk
  2 hornets
  5 blink frogs (Lair:6)
  3 slime creatures
  7 hippogriffs
  5 dream sheep (Lair:1)
  37 yaks
  8 wraiths
  A wyvern (Lair:6)
  2 basilisks (Lair:6)
  4 vampire mosquitoes (D:13)
  2 wargs (D:9)
  6 soldier ants
  10 water moccasins
  3 porcupines
  3 orc warriors
  11 ice beasts
  A sky beast (D:13)
  4 ogres
  A black bear (D:10)
  A phantom (D:7)
  An eye of draining (D:8)
  15 centaurs
  22 wolves
  12 crocodiles
  16 bullfrogs
  A gnoll sergeant (D:11)
  A wyvern zombie (D:7)
  A wyvern skeleton (D:13)
  2 scorpions
  10 killer bees
  16 wights
  2 vampire bats (Lair:6)
  2 electric eels (Lair:3)
  A howler monkey (D:8)
  6 crimson imps
  2 bullfrog zombies
  4 quasits
  4 orc priests
  12 hounds
  4 jellies
  7 orc wizards
  3 iguanas
  A bullfrog skeleton (D:4)
  4 centaur skeletons
  29 worker ants
  3 worker ant zombies (D:10)
  13 gnolls
  9 adders
  4 shadow imps
  4 white imps (IceCv)
  4 ufetubi (IceCv)
  5 oozes
  5 adder zombies
  5 worms
  2 dart slugs
  6 leopard geckos
  33 orcs
  3 ball pythons
  7 bats
  7 giant cockroaches
  7 goblins
  14 hobgoblins
  11 jackals
  17 kobolds
  2 quokkas
  A ball python skeleton (Ossuary)
  10 frilled lizards
  2 hobgoblin skeletons (Ossuary)
  A hobgoblin zombie (Ossuary)
  2 jackal skeletons
  A kobold zombie (Ossuary)
  A leopard gecko zombie (D:5)
  A quokka skeleton (D:7)
  9 rats
575 creatures vanquished.

Vanquished Creatures (collateral kills)
  A two-headed ogre (D:13)
  An oklob plant (Lair:6)
  An ugly thing (D:13)
  A wind drake (Lair:6)
  A hornet (Lair:3)
  2 ogres
  3 wights
  6 gnolls
  2 white imps (IceCv)
  4 ufetubi (IceCv)
  2 kobolds (Bailey)
  A quokka zombie (D:10)
25 creatures vanquished.

Vanquished Creatures (others)
  A reaper (IceCv)
  5 dancing weapons
  A scorpion (D:6)
  3 white imps (IceCv)
  3 ufetubi (IceCv)
  A kobold (Bailey)
  4 fungi
  9 plants (Lair:6)
27 creatures vanquished.

Grand Total: 627 creatures vanquished

Notes
Turn   | Place    | Note
-------+----------+-------------------------------------------
     0 | D:1      | vogonpoet the Spriggan Enchanter began the quest for the
                  | Orb.
     0 | D:1      | Reached XP level 1. HP: 9/9 MP: 5/5
   799 | D:1      | Reached XP level 2. HP: 9/13 MP: 5/7
   812 | D:1      | Learned a level 2 spell: Ensorcelled Hibernation
  1442 | D:2      | Found a shattered altar of Ashenzari.
  1450 | D:2      | Became a worshipper of Ashenzari the Shackled
  1647 | D:2      | Reached XP level 3. HP: 13/16 MP: 1/8
  1780 | D:2      | Learned a level 3 spell: Confuse
  1891 | D:2      | Found a sparkling altar of Nemelex Xobeh.
  2341 | D:3      | Reached skill level 5 in Stealth
  2341 | D:3      | Reached XP level 4. HP: 13/21 MP: 6/10
  2470 | D:3      | Noticed an ogre
  2476 | D:3      | Learned a level 3 spell: Tukima's Dance
  2529 | D:3      | Killed an ogre
  2529 | D:3      | Reached skill level 1 in Fighting
  2529 | D:3      | Reached skill level 5 in Hexes
  2529 | D:3      | Reached XP level 5. HP: 25/25 MP: 2/11
  2841 | D:3      | Found an opulent altar of Gozag.
  3450 | D:4      | Reached skill level 6 in Stealth
  3450 | D:4      | Reached XP level 6. HP: 19/30 MP: 10/13
  3476 | D:4      | Found a sand-covered staircase.
  3481 | Ossuary  | Entered an ossuary
  3584 | Ossuary  | Learned a level 3 spell: Dazzling Spray
  3688 | Ossuary  | Noticed a wraith
  3688 | Ossuary  | Noticed a flying skull
  3697 | Ossuary  | Noticed a flying skull
  3698 | Ossuary  | Noticed a flying skull
  3712 | Ossuary  | Noticed a flying skull
  3726 | Ossuary  | Noticed a wraith
  3727 | Ossuary  | Killed a wraith
  3737 | Ossuary  | Noticed a wraith
  3974 | Ossuary  | Killed a wraith
  3974 | Ossuary  | Reached XP level 7. HP: 33/33 MP: 4/14
  4215 | D:4      | Found a shadowy altar of Dithmenos.
  4638 | D:4      | Reached * piety under Ashenzari
  4648 | D:4      | Reached skill level 5 in Spellcasting
  4859 | D:5      | Entered Level 5 of the Dungeon
  4987 | D:5      | Found a staircase to the Ecumenical Temple.
  5150 | D:5      | Found a transporter.
  5156 | D:5      | Found a transporter.
  5298 | D:5      | Reached XP level 8. HP: 37/37 MP: 12/18
  5664 | D:6      | Found a snail-covered altar of Cheibriados.
  5810 | D:6      | Noticed Pikel
  5818 | D:6      | Killed Pikel
  5818 | D:6      | Reached skill level 8 in Stealth
  5841 | D:6      | Reached skill level 9 in Stealth
  6161 | D:6      | Reached ** piety under Ashenzari
  6330 | D:6      | Reached skill level 5 in Short Blades
  6668 | D:7      | Reached skill level 10 in Stealth
  6668 | D:7      | Reached XP level 9. HP: 33/42 MP: 14/20
  7363 | D:7      | Found a glowing golden altar of the Shining One.
  7397 | D:7      | Reached skill level 5 in Dodging
  7405 | D:7      | Learned a level 2 spell: Blink
  7477 | D:7      | Found an ancient bone altar of Kikubaaqudgha.
  8252 | D:8      | Noticed Gastronok
  8263 | D:8      | Killed Gastronok
  8263 | D:8      | Reached skill level 12 in Stealth
  8263 | D:8      | Reached XP level 10. HP: 33/49 MP: 9/21
  8304 | D:8      | Found an opulent altar of Gozag.
  8316 | D:8      | Reached *** piety under Ashenzari
  8641 | D:9      | Noticed a two-headed ogre
  8647 | D:9      | Killed a two-headed ogre
  8651 | D:9      | Identified the +6 chain mail "Naofrea" {Dex+4} (You found
                  | it on level 4 of the Dungeon)
  8653 | D:9      | Found a burning altar of Makhleb.
  8739 | D:9      | Reached skill level 13 in Stealth
  8805 | D:9      | Found a staircase to the Orcish Mines.
  8861 | D:9      | Found Qukereho's Jewellery Emporium.
  8902 | D:9      | Bought an uncursed amulet of regeneration for 300 gold
                  | pieces
  9143 | D:9      | Reached skill level 1 in Translocations
  9244 | D:9      | Found a bloodstained altar of Trog.
  9394 | D:10     | Entered Level 10 of the Dungeon
  9564 | D:10     | Noticed a cyclops
  9577 | D:10     | Killed a cyclops
  9577 | D:10     | Reached skill level 14 in Stealth
  9591 | D:10     | Reached **** piety under Ashenzari
  9664 | D:10     | Reached XP level 11. HP: 54/54 MP: 14/23
 10015 | D:10     | Reached skill level 1 in Evocations
 10016 | D:10     | Found a bloodstained altar of Trog.
 10248 | D:4      | Identified the +6 chain mail "Naofrea" {Dex+4} (You found
                  | it on level 4 of the Dungeon)
 10594 | D:11     | Noticed an eight-headed hydra
 10607 | D:11     | Killed an eight-headed hydra
 10607 | D:11     | Reached skill level 1 in Armour
 10736 | D:11     | Noticed a death yak
 10737 | D:11     | Noticed a death yak
 10738 | D:11     | Found a staircase to the Lair.
 10740 | D:11     | Noticed a death yak
 10740 | D:11     | Noticed a death yak
 10742 | D:11     | Noticed a death yak
 10742 | D:11     | Noticed a death yak
 10760 | D:11     | Killed a death yak
 10765 | D:11     | Reached skill level 15 in Stealth
 10918 | D:10     | Killed a death yak
 10994 | D:11     | Killed a death yak
 11000 | D:11     | Killed a death yak
 11012 | D:11     | Killed a death yak
 11012 | D:11     | Reached skill level 5 in Fighting
 11012 | D:11     | Reached skill level 16 in Stealth
 11085 | D:11     | Killed a death yak
 11085 | D:11     | Reached skill level 10 in Dodging
 11157 | D:11     | Noticed Josephine
 11173 | D:11     | Killed Josephine
 11242 | D:11     | Reached skill level 17 in Stealth
 11288 | D:11     | Noticed a two-headed ogre
 11295 | D:11     | Killed a two-headed ogre
 11295 | D:11     | Reached XP level 12. HP: 60/60 MP: 19/25
 11373 | D:11     | Noticed a two-headed ogre
 11399 | D:11     | Killed a two-headed ogre
 11575 | D:11     | Reached skill level 1 in Shields
 11585 | D:11     | Found a hazy altar of Hepliaklqana.
 11748 | D:11     | Found a shattered altar of Ashenzari.
 11835 | Lair:1   | Entered Level 1 of the Lair of Beasts
 12046 | Lair:1   | Noticed a six-headed hydra
 12052 | Lair:1   | Killed a six-headed hydra
 12114 | Lair:1   | Noticed Erica
 12131 | Lair:1   | Killed Erica
 12131 | Lair:1   | Reached skill level 5 in Shields
 12146 | Lair:1   | Learned a level 4 spell: Summon Ice Beast
 12177 | Lair:1   | Reached skill level 1 in Summonings
 12188 | Lair:1   | Reached skill level 1 in Ice Magic
 12513 | Lair:1   | Reached ***** piety under Ashenzari
 12748 | Lair:2   | Noticed Sonja
 12763 | Lair:2   | Killed Sonja
 12875 | Lair:2   | Noticed a queen ant
 12880 | Lair:2   | Killed a queen ant
 13475 | Lair:3   | Reached XP level 13. HP: 64/64 MP: 26/26
 13563 | Lair:3   | Reached skill level 18 in Stealth
 13729 | Lair:3   | Found a hole to the Spider Nest.
 14039 | Lair:3   | Learned a level 5 spell: Summon Mana Viper
 14041 | Lair:3   | Learned a level 1 spell: Summon Butterflies
 14361 | Lair:3   | Found a staircase to the Shoals.
 14847 | Shoals:1 | Entered Level 1 of the Shoals
 14932 | Lair:4   | Reached skill level 10 in Spellcasting
 15036 | Lair:4   | Noticed Nessos
 15040 | Lair:4   | Killed Nessos
 15069 | Lair:4   | Reached ****** piety under Ashenzari
 15396 | Lair:4   | Found a radiant altar of Vehumet.
 15576 | Lair:5   | Found a staircase to the Slime Pits.
 15607 | Slime:1  | Entered Level 1 of the Pits of Slime
 15609 | Slime:1  | Noticed an acid blob
 15823 | Lair:5   | Reached skill level 5 in Summonings
 16155 | Lair:6   | Entered Level 6 of the Lair of Beasts
 16195 | Lair:6   | Found a runed translucent gate.
 16195 | Lair:6   | Found a runed translucent gate.
 16195 | Lair:6   | Found a runed translucent gate.
 16198 | Lair:6   | Noticed Wostir's ghost (journeyman TeMo)
 16237 | Lair:6   | Found a frozen archway.
 16305 | IceCv    | Entered an ice cave
 16413 | IceCv    | Learned a level 1 spell: Apportation
 16466 | IceCv    | Got the cursed pair of boots "Piny" {MR++ Str+4}
 16552 | IceCv    | Identified the ring of Wegistrem {rF+ rN+ Dex+4}
 16552 | IceCv    | Noticed a reaper
 16572 | IceCv    | Killed a reaper
 16967 | Lair:6   | Found a radiant altar of Vehumet.
 17465 | Lair:6   | Noticed a dire elephant
 17495 | Lair:6   | Killed a dire elephant
 17495 | Lair:6   | Reached XP level 14. HP: 65/70 MP: 5/32
 17853 | Lair:6   | Identified the cursed +3 hand axe "Ogre's Bane" {venom,
                  | SInv}
 18435 | Spider:1 | Entered Level 1 of the Spider Nest
 18663 | D:12     | Found Isukhlie's Book Shoppe.
 19309 | D:13     | Found Iggoif's General Store.
 19331 | D:13     | Found a flagged portal.
 19378 | Bailey   | Entered a bailey
 20421 | D:13     | Found a gate to the Vaults.
 20669 | D:13     | Noticed Rupert
 20672 | D:13     | Killed Rupert
 20831 | D:14     | Found a gate leading to a gauntlet.
 20842 | Gauntlet | Entered a Gauntlet
 20842 | Gauntlet | Found a transporter.
 20842 | Gauntlet | Found a transporter.
 20855 | Gauntlet | Found a transporter.
 20864 | Gauntlet | Found a transporter.
 20866 | Gauntlet | Found a large runed translucent door.
 20867 | Gauntlet | Found a large runed translucent door.
 20868 | Gauntlet | Found a large runed translucent door.
 20868 | Gauntlet | Found a large runed translucent door.
 20879 | Gauntlet | Found a transporter.
 20892 | Gauntlet | Found a transporter.
 20898 | Gauntlet | Identified the ring "Xoorukh" {rF+ rC+ Dex+2}
 20971 | Gauntlet | Found a transporter.
 20971 | Gauntlet | Found a transporter.
 20973 | Gauntlet | Found a large runed translucent door.
 20974 | Gauntlet | Found a large runed translucent door.
 20975 | Gauntlet | Found a large runed translucent door.
 20975 | Gauntlet | Found a large runed translucent door.
 20975 | Gauntlet | Found a runed translucent door.
 20976 | Gauntlet | Found a large runed translucent door.
 20978 | Gauntlet | Found a transporter.
 20982 | Gauntlet | Found a large runed translucent door.
 20983 | Gauntlet | Found a large runed translucent door.
 20984 | Gauntlet | Found a large runed translucent door.
 20985 | Gauntlet | Found a runed translucent gate.
 20987 | Gauntlet | Found a transporter.
 20990 | Gauntlet | Found a runed translucent gate.
 20990 | Gauntlet | Found a transporter.
 20996 | Gauntlet | Identified the amulet of Ashrur {Reflect rPois SH+3 Stlth+}
 21044 | Gauntlet | Slain by a gargoyle

Skill      XL: |  1  2  3  4  5  6  7  8  9 10 11 12 13 14 |
---------------+-------------------------------------------+-----
Hexes          | 4 5 8 |  8.6
Spellcasting   | 3 4 6 7 8 13 14 | 14.4
Short Blades   | 2 5 8 |  8.3
Stealth        | 5 6 10 12 14 17 18 | 18.2
Fighting       | 1 3 4 5 6 8 |  8.1
Dodging        | 8 9 10 13 | 13.1
Translocations | 2 |  2.0
Evocations     | 2 |  2.5
Armour         | 3 |  3.1
Shields        | 5 |  5.3
Summonings     | 3 5 |  5.0
Ice Magic      | 2 |  2.9

Action                   |  1- 3 |  4- 6 |  7- 9 | 10-12 | 13-15 || total
-------------------------+-------+-------+-------+-------+-------++-------
Melee: Dagger            |   141 |    77 |   229 |   377 |   518 ||  1342
Throw: Tomahawk          |       |       |     3 |    11 |     9 ||    23
 Cast: Corona            |     6 |       |       |       |       ||     6
       Ensorcelled Hiber |     7 |    10 |    41 |    94 |   138 ||   290
       Confuse           |     1 |    18 |    22 |    44 |    85 ||   170
       Tukima's Dance    |       |     3 |    10 |    11 |    23 ||    47
       Dazzling Spray    |       |       |     5 |    29 |    19 ||    53
       Summon Ice Beast  |       |       |       |       |    15 ||    15
       Summon Mana Viper |       |       |       |       |     5 ||     5
       Apportation       |       |       |       |       |     2 ||     2
Invok: Curse Item        |     1 |       |     3 |     3 |     2 ||     9
Evoke: Wand              |       |       |       |       |     1 ||     1
  Use: Potion            |       |     2 |       |       |       ||     2
       Scroll            |       |       |     8 |    10 |     7 ||    25
 Stab: Sleeping          |     9 |    23 |    51 |    93 |   125 ||   301
       Confused          |     1 |     2 |     9 |    28 |    39 ||    79
       Distracted        |     1 |       |       |       |     2 ||     3
       Invisible         |       |       |       |     9 |     6 ||    15
  Eat: Ration            |       |     2 |     3 |     2 |     4 ||    11
Armor: Robe              |    20 |     7 |     7 |     9 |    20 ||    63
Dodge: Dodged            |    98 |    46 |   104 |   252 |   359 ||   859
Block: Buckler           |       |       |       |    51 |   148 ||   199
